 Dungeon Crawl Stone Soup version 0.30.0-29-ga12c61a403 (webtiles) character file.

Game seed: 17426053071633950827

128 Sabo the Gusty (level 4, -2/34 HPs)
             Began as a Draconian Air Elementalist on June 13, 2023.
             Slain by Pikel
             ... wielding a +1 whip of freezing
              (7 damage)
             ... on level 4 of the Dungeon.
             The game lasted 00:15:46 (3591 turns).

Sabo the Gusty (Draconian Air Elementalist)         Turns: 3591, Time: 00:15:47

Health: -2/34      AC:  8    Str: 10    XL:     4   Next: 87%
Magic:  5/8        EV: 12    Int: 23    God:
Gold:   183        SH:  0    Dex: 12    Spells: 7/8 levels left

rFire   . . .        f - +3 whip
rCold   + . .        (no shield)
rNeg    . . .        (body armour unavailable)
rPois   .            (helmet restricted)
rElec   .            k - +0 cloak
rCorr   .            e - +1 pair of gloves
SInv    .            (no boots)
Will    .....        (no amulet)
Stlth   ++           n - ring of protection from cold
HPRegen 0.25/turn    t - +6 ring of intelligence
MPRegen 0.11/turn

%: no passive effects
@: no status effects
A: AC +5, unfitting armour, cold-blooded
a: no special abilities


You were on level 4 of the Dungeon.
You visited 1 branch of the dungeon, and saw 4 of its levels.

You collected 183 gold pieces.

Inventory:

Hand Weapons
 f - a +3 whip (weapon)
Missiles
 c - 11 poisoned darts
 m - 4 curare-tipped darts
 s - 5 boomerangs
 C - 6 boomerangs of dispersal
Armour
 e - a +1 pair of gloves (worn)
 k - a +0 cloak (worn)
 v - an orb of mayhem
Magical Staves
 F - a staff of death
Jewellery
 n - a ring of protection from cold (left hand)
 t - a +6 ring of intelligence (right hand)
Wands
 y - a wand of charming (10)
 E - a wand of roots (6)
 I - a wand of flame (18)
Scrolls
 b - a scroll of magic mapping {unknown}
 g - a scroll of acquirement {unknown}
 i - a scroll of immolation {unknown}
 j - 3 scrolls of teleportation
 p - a scroll of fog {unknown}
 r - a scroll of vulnerability {unknown}
 w - a scroll of amnesia {unknown}
 z - 2 scrolls of butterflies {unknown}
 A - a scroll of identify {unknown}
 H - a scroll of brand weapon {unknown}
Potions
 a - a potion of magic
 d - 2 potions of lignification {unknown}
 h - a potion of heal wounds {unknown}
 l - a potion of brilliance {unknown}
 o - a potion of degeneration {unknown}
 q - a potion of invisibility {unknown}
 u - a potion of ambrosia {unknown}
 x - a potion of attraction {unknown}
 B - a potion of might {unknown}
 D - a potion of curing {unknown}
 G - a potion of resistance {unknown}


   Skills:
 + Level 0.6 Fighting
 + Level 0.8 Maces & Flails
 + Level 2.2 Dodging
 + Level 2.1 Stealth
 + Level 1.1 Unarmed Combat
 + Level 2.9 Spellcasting
 + Level 1.7 Conjurations
 + Level 3.8 Air Magic


You had 7 spell levels left.
You knew the following spells:

 Your Spells              Type           Power      Damage    Failure   Level
a - Shock                 Conj/Air       64%        1d7       3%          1

Your spell library contained the following spells:

 Spells                   Type           Power      Damage    Failure   Level
 Static Discharge         Conj/Air       32%        2-4/arc   5%          2
 Swiftness                Air            21%        N/A       7%          3
 Airstrike                Air            10%        2d(2-18)  24%         4


Dungeon Overview and Level Annotations

Branches:
Dungeon (4/15)
 Temple: D:4-7

Altars:
Dithmenos
Qazlal

Shops:
D:1 :   D:2 [

Annotations:
D:4 Edmund, Pikel


Innate Abilities, Weirdness & Mutations

Your plain brown scales are hard. (AC +5)
You cannot fit into any form of body armour.
You are cold-blooded and may be slowed by cold attacks.


Message History

The zap hits the lemure but does no damage.
Unknown command.
Casting: Shock (safe; 3% risk of failure)
Confirm with . or Enter, or press ? or * to list all spells.
Aiming: Shock (safe; 3% risk of failure)
Press: ? - help, Shift-Dir - straight line, f/p - Pikel
Aim: Pikel, wielding a +1 whip of freezing and wearing a +0 robe (lightly wounded, 64% to hit)
The zap hits Pikel.
Pikel is lightly wounded.
The zap hits the lemure.
The lemure is lightly wounded.
Unknown command.
You closely miss Pikel. You tail-slap Pikel, but do no damage.
Pikel is lightly wounded.
Pikel hits you with a +1 whip of freezing.
Pikel freezes you.
You hit Pikel.
Pikel is lightly wounded.
Pikel hits you but does no damage.
You miss Pikel.
Pikel is lightly wounded.
Pikel hits you with a +1 whip of freezing.
You hit Pikel.
Pikel is lightly wounded.
Pikel hits you with a +1 whip of freezing!
Pikel freezes you.
Pikel hits you with a +1 whip of freezing!
* * * LOW HITPOINT WARNING * * *
Pikel freezes you.
* * * LOW HITPOINT WARNING * * *
Casting: Shock (safe; 3% risk of failure)
Confirm with . or Enter, or press ? or * to list all spells.
Aiming: Shock (safe; 3% risk of failure)
Press: ? - help, Shift-Dir - straight line, f/p - Pikel
Aim: Pikel, wielding a +1 whip of freezing and wearing a +0 robe (lightly wounded, 64% to hit)
The zap hits Pikel.
Pikel is moderately wounded.
The zap misses the lemure.
Pikel hits you with a +1 whip of freezing!
You die...

#...#........##.# .
##............#.#####...
#..[...)...............
#.##...)....#..).......
#.##........##.########
#.#....>..............
#..........#5#######
##.....)..##K#
##..##..###@# ### ####
#........ #.####### ###


You could see Pikel and a lemure.

Vanquished Creatures
  An iguana (D:4)
  4 adders
  4 dart slugs
  A worm (D:2)
  3 endoplasms
  5 giant cockroaches (D:1)
  4 hobgoblins
  4 jackals (D:4)
  5 kobolds
  3 quokkas
  6 ball pythons
  4 bats
  7 goblins
  2 rats
53 creatures vanquished.

Notes
Turn   | Place    | Note
-------+----------+-------------------------------------------
     0 | D:1      | Sabo the Draconian Air Elementalist began the quest for the
                  | Orb.
     0 | D:1      | Reached XP level 1. HP: 14/14 MP: 3/3
   243 | D:1      | Reached XP level 2. HP: 18/20 MP: 0/5
   510 | D:1      | Found a faded altar of an unknown god.
   675 | D:1      | Found Egapnos's Book Shoppe.
   940 | D:2      | Reached XP level 3. HP: 26/26 MP: 0/6
  1100 | D:2      | Found Sanega's Armour Shoppe.
  1997 | D:3      | Reached skill level 1 in Unarmed Combat
  2107 | D:3      | Found a shadowy altar of Dithmenos.
  2376 | D:3      | Reached XP level 4. HP: 31/34 MP: 6/8
  3216 | D:4      | Found a stormy altar of Qazlal.
  3226 | D:4      | Noticed Edmund
  3576 | D:4      | Noticed Pikel
  3579 | D:4      | Noticed a lemure
  3591 | D:4      | Slain by Pikel

Illustrated notes

Levels and vault maps discovered:
D:1:      evilmike_arrival_plus, layout_basic, serial_shops, shop,
          chequers_ecumenical_altar_simple_redux
D:2:      layout_loops_ring, serial_shops, shop, corexii_hall_statues_i
D:3:      layout_basic, mainiacjoe_overflow_paths
D:4:      layout_basic, mainiacjoe_overflow_small_starburst, st_stairs_5,
          uniq_pikel, uniq_edmund, uniq_blork_the_orc

Skill      XL: |  1  2  3  4 |
---------------+-------------+-----
Unarmed Combat | 1 |  1.1
Dodging        | 2 |  2.2
Stealth        | 2 |  2.1
Fighting       | |  0.6
Maces & Flails | |  0.8
Spellcasting   | |  2.9
Conjurations   | |  1.7
Air Magic      | |  3.8

Action                     |  1- 3 |  4- 6 || total
---------------------------+-------+-------++-------
  Melee: Unarmed           |    23 |       ||    23
         Tailslap          |     7 |     6 ||    13
         Punch             |     1 |       ||     1
         Whip              |    62 |    24 ||    86
   Cast: Shock             |    48 |    23 ||    71
    Use: Scroll            |     1 |       ||     1
   Stab: Sleeping          |     2 |     1 ||     3
 Armour: Skin              |    26 |     5 ||    31
  Dodge: Dodged            |    68 |     8 ||    76
